 Dungeon Crawl Stone Soup version 0.28-a0-687-gb91baff9cc (webtiles) character file.

Game seed: 6335319482261888647

921 kae the Ruffian (level 7, -16/60 HPs)
             Began as a Yellow Draconian Transmuter on Oct 19, 2021.
             Demolished by an ogre (28 damage)
             ... on level 6 of the Dungeon.
             The game lasted 00:04:39 (5496 turns).

kae the Ruffian (Yellow Draconian Transmuter)       Turns: 5496, Time: 00:04:40

Health: -16/60     AC:  2    Str: 12    XL:     7   Next: 84%
Magic:  8/10       EV: 19    Int: 16    God:
Gold:   206        SH:  0    Dex: 16    Spells: 2/10 levels left

rFire   + . .      SeeInvis +     - Unarmed
rCold   + . .      Faith    .   (shield currently unavailable)
rNeg    . . .      Spirit   .   (armour unavailable)
rPois   .          Reflect  .   (helmet currently unavailable)
rElec   +          Harm     .   (cloak currently unavailable)
rCorr   +          Rampage  .   (gloves currently unavailable)
Will    +....                   (boots currently unavailable)
Stlth   +.........              (no amulet)
HPRegen 0.20/turn               f - ring of see invisible
MPRegen 0.12/turn               j - ring of willpower

@: brilliant, spider-form (expiring), resistant
A: venomous fangs, (spit acid), AC +6, tiny, unfitting armour, (cold-blooded),
(acid resistance)
a: End Transformation


You were on level 6 of the Dungeon.
You were a venomous arachnid creature.
You visited 1 branch of the dungeon, and saw 6 of its levels.

You collected 206 gold pieces.

Inventory:

Jewellery
 f - a ring of see invisible (left front leg)
 j - a ring of willpower (right front leg)
 k - an amulet of the acrobat
 m - a ring of poison resistance
 n - a +4 ring of protection
Scrolls
 g - a scroll of enchant weapon
 i - 3 scrolls of enchant armour
 q - a scroll of magic mapping
Potions
 d - a potion of resistance
 e - 2 potions of mutation {unknown}
 h - a potion of might {unknown}
 l - a potion of attraction {unknown}
 o - a potion of haste {unknown}


   Skills:
 + Level 4.5 Fighting
 - Level 1.7 Dodging
 * Level 6.5 Unarmed Combat
 - Level 2.0 Spellcasting
 + Level 4.5 Transmutations
 * Level 3.2 Ice Magic


You had 2 spell levels left.
You knew the following spells:

 Your Spells              Type           Power      Damage    Failure   Level
a - Beastly Appendage     Tmut           48%        N/A       11%         1
b - Spider Form           Tmut/Pois      6%         N/A       45%         3
c - Ice Form              Ice/Tmut       21%        N/A       61%         4

Your spell library contained the following spells:

 Spells                   Type           Power      Damage    Failure   Level
 Wereblood                Tmut           24%        N/A       14%         2


Dungeon Overview and Level Annotations

Branches:
Dungeon (6/15)             Temple (0/1) D:5

Altars:
Gozag
Xom

Shops:
D:2 :

Annotations:
D:4 1 runed translucent door, SeagullWaffle's ghost, amateur MfSu
D:5 1 runed translucent door, bmj180's ghost, amateur DrCj


Innate Abilities, Weirdness & Mutations

You are a venomous arachnid creature.
You have poisonous fangs.
You are tiny and dextrous.
Your spellcasting is less reliable in this form.
Your armour is entirely melded.
You are incapable of wielding weapons or throwing items.
((You can spit globs of acid.))
((Your golden yellow scales are hard. (AC +6)))
You cannot fit into any form of body armour.
((You are cold-blooded and may be slowed by cold attacks.))
((You are resistant to acid. (rCorr)))


Message History

The centaur kicks you but does no damage.
The centaur wields a +0 shortbow.
The centaur shoots an arrow.
The arrow hits you.
As you read the scroll of teleportation, it crumbles to dust.
You feel strangely unstable.
The centaur shoots an arrow.
The arrow barely misses you.
The centaur shoots an arrow.
The arrow hits you!
The centaur shoots an arrow.
The arrow hits you.
The centaur shoots an arrow.
The arrow hits you!
* * * LOW HITPOINT WARNING * * *
Your surroundings seem slightly different.
Found a stone staircase leading down.
The centaur shoots an arrow.
The arrow hits you!
* * * LOW HITPOINT WARNING * * *
Okay, then.
Okay, then.
Blink to where?
Press: ? - help, Dir - move target
As you read the scroll of blinking, it crumbles to dust.
As you read the scroll of teleportation, it crumbles to dust.
You feel strangely unstable.
The centaur shoots an arrow.
The arrow barely misses you.
Your surroundings suddenly seem different.
An ogre comes into view. It is wielding a +0 giant club.
It was a potion of brilliance.
You feel clever all of a sudden.
The ogre shouts!
It was a potion of curing.
You feel better.
You feel better.
It was a potion of resistance.
You feel protected. The ogre hits you with a +0 giant club!
* * * LOW HITPOINT WARNING * * *
Casting: Spider Form (dangerous; 24% risk of failure)
Confirm with . or Enter, or press ? or * to list all spells.
You feel a surge of power!
You turn into a venomous arachnid creature.
The ogre misses you.
The ogre hits you with a +0 giant club!!
You die...

##### ####
##...##...#
##..........
#...........
#....O......
#...s.......
##..........
##...##....
##### ##. #
# # # ## #.


You could see an ogre.

Vanquished Creatures
  Grinder (D:4)
  Sigmund (D:4)
  A black bear (D:4)
  An ogre (D:5)
  A phantom (D:4)
  A centaur skeleton (D:5)
  2 hounds
  2 orc wizards (D:5)
  Robin (D:3)
  3 gnolls (D:5)
  4 adders
  A shadow imp (D:5)
  A worm (D:3)
  A dart slug (D:1)
  4 orcs
  5 ball pythons
  7 endoplasms
  3 giant cockroaches
  16 goblins
  7 hobgoblins
  14 jackals
  4 kobolds
  4 quokkas
  7 bats
  5 frilled lizards
  4 rats
101 creatures vanquished.

Notes
Turn   | Place    | Note
-------+----------+-------------------------------------------
     0 | D:1      | kae the Draconian Transmuter began the quest for the Orb.
     0 | D:1      | Reached XP level 1. HP: 16/16 MP: 3/3
    52 | D:1      | Reached XP level 2. HP: 13/23 MP: 5/5
   587 | D:1      | Reached XP level 3. HP: 21/29 MP: 4/6
   685 | D:1      | Learned a level 3 spell: Spider Form
  1018 | D:1      | You fall into a shaft and drop 1 floor!
  1457 | D:2      | Reached skill level 4 in Unarmed Combat
  1565 | D:2      | Found Ikhim's Book Shoppe.
  1784 | D:2      | Reached XP level 4. HP: 36/36 MP: 5/7
  1979 | D:3      | Noticed Robin
  2043 | D:3      | Killed Robin
  3301 | D:4      | Found a runed translucent door.
  3301 | D:4      | Noticed SeagullWaffle's ghost (amateur MfSu)
  3358 | D:4      | Noticed Grinder
  3385 | D:4      | Killed Grinder
  3386 | D:4      | Reached skill level 5 in Unarmed Combat
  3386 | D:4      | Reached XP level 5. HP: 38/45 MP: 2/8
  3386 | D:4      | Reached XP level 6. HP: 43/51 MP: 2/9
  3536 | D:4      | Learned a level 4 spell: Ice Form
  3593 | D:4      | Reached skill level 1 in Ice Magic
  3727 | D:4      | Noticed Sigmund
  3733 | D:4      | Killed Sigmund
  3734 | D:4      | Your scales start taking on a golden yellow colour.
  3734 | D:4      | Reached XP level 7. HP: 52/59 MP: 6/10
  3734 | D:4      | Gained mutation: You are resistant to acid. (rCorr) [Yellow
                  | Draconian growth]
  3858 | D:4      | Reached skill level 6 in Unarmed Combat
  3882 | D:4      | Found an opulent altar of Gozag.
  4416 | D:5      | Entered Level 5 of the Dungeon
  4968 | D:5      | Found a shimmering altar of Xom.
  5321 | D:5      | Found a runed translucent door.
  5375 | D:5      | Found a staircase to the Ecumenical Temple.
  5435 | D:5      | Noticed bmj180's ghost (amateur DrCj)
  5496 | D:6      | Demolished by an ogre

Illustrated notes

Levels and vault maps discovered:
D:1:      tarquinn_simple_flora_water_e, layout_loops_ring,
          grunt_decor_arrowhead
D:2:      layout_basic, serial_shops, nicolae_shop_waterfront, solitary_fountain
D:3:      layout_basic, minmay_misc_feat_ornament, uniq_robin
D:4:      layout_basic, mainiacjoe_overflow_six_doors_small,
          ebering_ghost_inner_flame, uniq_grinder, uniq_sigmund
D:5:      layout_rooms, mainiacjoe_overflow_alcove_4,
          minmay_temple_entry_glassed_door, ebering_ghost_sewer_d, minivault_1
D:6:      layout_rooms

Skill      XL: |  1  2  3  4  5  6  7 |
---------------+----------------------+-----
Fighting       | 2 3 4 |  4.5
Unarmed Combat | 4 5 6 |  6.5
Transmutations | 3 4 |  4.5
Ice Magic      | 1 3 |  3.2
Dodging        | |  1.7
Spellcasting   | |  2.0

Action                   |  1- 3 |  4- 6 |  7- 9 || total
-------------------------+-------+-------+-------++-------
Melee: Unarmed           |   155 |   106 |    73 ||   334
       Kick              |    16 |    11 |       ||    27
       Tailslap          |     8 |     2 |     2 ||    12
       Headbutt          |     7 |     5 |       ||    12
       Punch             |     1 |     1 |     1 ||     3
 Cast: Beastly Appendage |    21 |    17 |       ||    38
       Spider Form       |     2 |     4 |     9 ||    15
 Abil: Breathe Acid      |       |       |     1 ||     1
  Use: Scroll            |       |     5 |     3 ||     8
       Potion            |       |       |     4 ||     4
 Stab: Sleeping          |     1 |       |       ||     1
       Distracted        |       |       |     1 ||     1
Armor: Skin              |    69 |    18 |    16 ||   103
Dodge: Dodged            |   130 |    66 |    78 ||   274

Table legend: (Time is in decaauts)
 A = Elapsed time spent in this place.
 B = Non-inter-level travel time spent in this place.
 C = Inter-level travel time spent in this place.
 D = Time resting spent in this place.
 E = Time spent auto-exploring this place.
 F = Levels seen in this place.
 G = Mean time per level.
                   A        B        C        D        E       F      G
               +--------+--------+--------+--------+--------+-----+--------+
         Total |   5471 |   5389 |     82 |      0 |   4518 |   6 |  911.8 |
       Dungeon |   5471 |   5389 |     82 |      0 |   4518 |   6 |  911.8 |
               +--------+--------+--------+--------+--------+-----+--------+

Top non-repeatable levels by time:
     D:4: 1282 daAuts
     D:3: 1272 daAuts
     D:5: 1035 daAuts
     D:1: 1012 daAuts
     D:2: 830 daAuts
     D:6: 37 daAuts
